[Event "Championnat du monde jeunes U12"]
[Date "2024.11.26"]
[White "Abdsattar, Alisher"]
[Black "Torres Rebolledo, Alvaro"]
[WhiteElo "2082"]
[BlackElo "2216"]
[Round "11.6"]
[Result "1-0"]
[TimeControl "5400+30"]

1. e4 c6 2. Nf3 d5 3. Nc3 dxe4 4. Nxe4 Nf6 5. Qe2 Nxe4 6. Qxe4 Be6 7. b3 Nd7 8. Bb2 Bd5 9. Qe2 Bxf3 10. Qxf3 e6 11. g3 Nf6 12. Bg2 Be7 13. d4 Qa5+ 14. c3 Qb6 15. O-O a5 16. c4 O-O 17. Rfe1 a4 18. g4 Bb4 19. Red1 a3 20. Bc1 Rfd8 21. Be3 Qc7 22. Rac1 Bd6 23. h4 e5 24. g5 e4 25. Qe2 Nd7 26. Bxe4 Bf4 27. Bg2 Nf8 28. Rc3 Re8 29. Qf3 Bxe3 30. Rxe3 Rxe3 31. Qxe3 Ng6 32. Re1 Rf8 33. Qg3 Qa5 34. Re2 Qf5 35. Be4 Qd7 36. d5 cxd5 37. cxd5 Qb5 38. Bf3 Qd3 39. h5 Nh4 40. Bg4 Qd1+ 41. Kh2 Nf5 42. Qf4 g6 43. Rd2 Qc1 44. Bxf5 gxf5 45. d6 Rd8 46. d7 Qc6 47. Qe5 Qe6 48. Qf6 Qxf6 49. gxf6 h6 50. Kg3 Kh7 51. Kf4 b5 52. Ke5 b4 53. Kd6 Ra8 54. Ke7 Ra7 55. Ke8 f4 56. d8=Q f3 57. Qd3+ Kh8 58. Qe3 Ra8+ 59. Rd8 Kg8 60. Rxa8 Kh7 61. Qe4+ 1-0

[Variant "Standard"]
[Site "Europe Echecs"]

[Event "Championnat du monde jeunes U12"]
[Date "2024.11.26"]
[White "Ambartsumian, Tyhran"]
[Black "Mamikonyan, Artem T"]
[WhiteElo "2123"]
[BlackElo "1918"]
[Round "11.7"]
[Result "1/2-1/2"]
[TimeControl "5400+30"]

1. e4 c6 2. d4 d5 3. exd5 cxd5 4. Bd3 Nc6 5. c3 Nf6 6. h3 e5 7. dxe5 Nxe5 8. Qe2 Ne4 9. Bb5+ Bd7 10. Nf3 Bxb5 11. Qxb5+ Qd7 12. Qxd7+ Nxd7 13. O-O Bc5 14. Nbd2 O-O 15. Nb3 Bb6 16. Bf4 Ndc5 17. Nxc5 Bxc5 18. Rad1 Rfd8 19.
Nd4 Rac8 20. Rfe1 Bb6 21. Be3 Nd6 22. Nc2 Nc4 23. Bxb6 Nxb6 24. Re7 Rb8 25. Ne3 Kf8 26. Rc7 Rd6 27. c4 Rc6 28. Rxc6 bxc6 29. cxd5 Nxd5 30. Nxd5 cxd5 31.
Rxd5 Rxb2 32. Ra5 Rb7 33. g4 f6 34. Kg2 Kf7 35. f4 g6 36. Kf3 Ke6 37. Ra6+ Kf7 38. Ke3 f5 39. gxf5 gxf5 40. Kf3 Rb6 41. Rxa7+ Kg6 42. Kg3 Rb4 43. Ra6+ Kh5 44. Ra7 h6 45. Ra5 Kg6 46. Ra6+ Kh5 47. Ra5 Kg6 48. a4 Rc4 49. Ra8 Kh5 50. Rf8 Rc5 51. Rf6 Ra5 52. Kf3 Rxa4 53. Rxf5+ Kh4 54. Rf6 h5 55. Rh6 Rb4 56. Rg6 Kxh3 57. f5 Rg4 58. Ke3 Ra4 59. f6 Ra1 60. Kf4 h4 61. Kg5 Rf1 62. Kh6 Kh2 63. Kg7 h3 64. f7 Rxf7+ 65. Kxf7 Kh1 66. Kf6 h2 67. Kg5 Kg2 68. Kf4+ Kf2 69. Rh6 Kg2 70. Rg6+ Kf2 71. Ra6 h1=Q 72. Ra2+ Kf1 73. Ra1+ 1/2-1/2

[Variant "Standard"]
[Site "Europe Echecs"]

[Event "Championnat du monde jeunes U12"]
[Date "2024.11.26"]
[White "Platonovs, Nikolajs"]
[Black "Birmenko, Nikolay"]
[WhiteElo "1969"]
[BlackElo "2084"]
[Round "11.8"]
[Result "0-1"]
[TimeControl "5400+30"]

1. e4 c5 2. Nf3 Nc6 3. d4 cxd4 4. Nxd4 Nf6 5. Nc3 e5 6. Ndb5 d6 7. Nd5 Nxd5 8. exd5 Nb8 9. a4 Be7 10. Be2 O-O 11. O-O a6 12. Na3 Nd7 13. Nc4 b6 14. b4 Bb7 15. Be3 Qc7 16. Qd2 f5 17. f3 Bf6 18. Ra3 Rac8 19. Rb3 Kh8 20. Rc1 Rg8 21. a5 b5 22. Nb6 Nxb6 23. Bxb6 Qf7 24. Rd1 g5 25. Be3 h5 26. Kh1 Qg6 27. h3 f4 28. Bg1 e4 29. fxe4 Qxe4 30. Bd4 Qxd4 31. Qxd4 Bxd4 32. Rxd4 Rge8 33. Bxh5 Re1+ 34. Kh2 Rxc2 35. Bd1 Rc4 36. Rd2 Ree4 37. Bf3 Re1 38. g3 fxg3+ 39. Kxg3 Kg7 40. Kf2 Rcc1 41. Be2 Bc8 42. Rdd3 Rh1 43. Rg3 Rh2+ 44. Rg2 Rxg2+ 45. Kxg2 Bf5 46.
Re3 Kf6 47. Bg4 Rc2+ 48. Kg3 Rd2 49.
Rf3 Rxd5 50. Bxf5 Rxf5 51. Rc3 Rf4 52.
Rc6 Ke5 53. Rxa6 Rxb4 54. Rb6 Kd5 55. a6 Kc5 56. Rb8 Ra4 57. Rc8+ Kb6 58. Rd8 Kc7 59. Rg8 Rxa6 60. Rxg5 b4 61. Kf4 Kc6 62. Ke4 Ra3 63. h4 Rh3 64. Rg8 Rxh4+ 65. Kd3 Kc5 66. Rc8+ Kd5 67. Ra8 Rh3+ 68. Kc2 Kc4 69. Rc8+ Kd4 70. Rg8 d5 71. Rg4+ Kc5 72. Rg8 Kc4 73. Rc8+ Kd4 74. Rg8 Rc3+ 75. Kd2 Kc4 76. Rd8 Rh3 77. Kc2 Rh2+ 78. Kc1 d4 79. Rc8+ Kb3 80. Rd8 Rc2+ 81. Kb1 Rc4 82. Rh8 Kc3 83. Rh3+ d3 84. Rg3 Rh4 85. Rg1 Rh2 86. Rg7 Rh1+ 0-1

[Variant "Standard"]
[Site "Europe Echecs"]

[Event "Championnat du monde jeunes U12"]
[Date "2024.11.26"]
[White "Wijerathna, Vinuka Dihain"]
[Black "Guo, Ethan"]
[WhiteElo "2004"]
[BlackElo "2157"]
[Round "11.9"]
[Result "1/2-1/2"]
[TimeControl "5400+30"]

1. e4 c5 2. Nf3 d6 3. Bb5+ Nd7 4. O-O a6 5. Bd3 Ngf6 6. Re1 e6 7. c3 b5 8. Bc2 c4 9. a4 Bb7 10. d4 cxd3 11. Qxd3 Nc5 12. Qe2 bxa4 13. e5 Nfd7 14. Nbd2 dxe5 15. Nxe5 Nxe5 16. Qxe5 Qd7 17. Ne4 Nb3 18. Bxb3 axb3 19. Bf4 Qd5 20. Rad1 Qxe5 21. Bxe5 f6 22. Bg3 Bxe4 23. Rxe4 e5 24. f4 Bc5+ 25. Kf1 O-O 26. fxe5 fxe5+ 27. Ke1 Rfe8 28.
Rd5 Bf8 29. Ke2 Rad8 30. Rxd8 Rxd8 31.
Ra4 Be7 32. Rxa6 Bg5 33. Be1 Bc1 34. Rb6 Bxb2 35. Rxb3 Bc1 36. Rb5 e4 37. Rb4 Re8 38. Bd2 Ba3 39. Ra4 Bd6 40. g3 Kf7 41. Ke3 1/2-1/2

[Variant "Standard"]
[Site "Europe Echecs"]

[Event "Championnat du monde jeunes U12"]
[Date "2024.11.26"]
[White "Tatvidze, Davit"]
[Black "Golubovic, Erik"]
[WhiteElo "2024"]
[BlackElo "2147"]
[Round "11.10"]
[Result "1/2-1/2"]
[TimeControl "5400+30"]

1. c4 Nf6 2. Nf3 e6 3. g3 a6 4. Bg2 b5 5. b3 Bb7 6. O-O c5 7. Na3 b4 8. Nc2 Be7 9. Bb2 O-O 10. d4 d6 11. dxc5 dxc5 12. Qxd8 Rxd8 13. Rfd1 Nbd7 14. Ne5 Bxg2 15. Kxg2 Nxe5 16. Bxe5 Ne8 17. Ne1 a5 1/2-1/2

[Variant "Standard"]
[Site "Europe Echecs"]

[Event "Championnat du monde jeunes U12"]
[Date "2024.11.26"]
[White "Antipov, Fedor"]
[Black "Petroff, Vlad"]
[WhiteElo "1991"]
[BlackElo "2079"]
[Round "11.11"]
[Result "1-0"]
[TimeControl "5400+30"]

1. e4 c6 2. d4 d5 3. e5 c5 4. dxc5 e6 5. Nf3 Bxc5 6. a3 a6 7. Bd3 Ne7 8. O-O Nbc6 9. b4 Ba7 10. Bb2 Ng6 11. Re1 O-O 12. Bf1 b5 13. a4 bxa4 14. Rxa4 Bd7 15. Rxa6 Nxb4 16. Ra1 Qc7 17. Nc3 Qc5 18. Qd2 Rfc8 19. h4 h6 20. h5 Ne7 21. Ba3 Nf5 22. Nd1 Qxc2 23. Bxb4 Qb3 24. Bd3 Nd4 25. Nxd4 Bxd4 26. Rb1 Qa4 27. Bd6 Qa7 28. Rb4 Bb6 29. Rg4 Kh8 30. Qf4 Ba4 31. Nb2 Bc2 32. Qg3 Bxd3 33. Nxd3 Rg8 34. Rc1 Qa2 35. Rb4 Ba7 36. Rb7 Qd2 37. Rf1 Bd4 38. Rxf7 Rac8 39. Nf4 Rc1 40. Rxc1 Qxc1+ 41. Kh2 Qd1 42. Ng6+ Kh7 43. Nf8+ Kh8 44. Qg6 Bxe5+ 45. Bxe5 Rxf8 46. Qxg7# 1-0

[Variant "Standard"]
[Site "Europe Echecs"]

[Event "Championnat du monde jeunes U12"]
[Date "2024.11.26"]
[White "Batbaatar, Baatar"]
[Black "Zhang, Haoxuan"]
[WhiteElo "2030"]
[BlackElo "1932"]
[Round "11.12"]
[Result "1-0"]
[TimeControl "5400+30"]

1. e4 e6 2. d4 d5 3. Nc3 Nf6 4. e5 Nfd7 5. f4 c5 6. Nf3 Nc6 7. Be3 a6 8. Qd2 Qa5 9. Bd3 b5 10. dxc5 Bxc5 11. Bxc5 Nxc5 12. Ne2 Qxd2+ 13. Kxd2 Bb7 14. Ned4 Ne7 15. Ke3 h5 16. f5 Nxd3 17. cxd3 Nxf5+ 18. Nxf5 exf5 19.
Nd4 g6 20. Rac1 Kd7 21. Kf4 Rac8 22.
Kg5 Ke7 23. h4 b4 24. a3 bxa3 25. bxa3 Ba8 26. g3 a5 27. a4 Rhd8 28. Rhd1 Bb7 29. Rb1 Bc6 30. Rb6 Bxa4 31. Ra1 Be8 32. Rxa5 Rc7 33. Kh6 Bd7 34. Rxd5 Ra8 35. Kg7 Ra1 36. Rf6 Be6 37. Nxe6 1-0

[Variant "Standard"]
[Site "Europe Echecs"]

[Event "Championnat du monde jeunes U12"]
[Date "2024.11.26"]
[White "Gao, Arthur"]
[Black "Marchand, Calix"]
[WhiteElo "1979"]
[BlackElo "2027"]
[Round "11.13"]
[Result "0-1"]
[TimeControl "5400+30"]

1. e4 c5 2. Nf3 e6 3. d4 cxd4 4. Nxd4 Nc6 5. Nc3 Nf6 6. Nxc6 bxc6 7. e5 Nd5 8. Ne4 Bb7 9. c4 Nb4 10. Bd2 c5 11. Bxb4 Bxe4 12. Bc3 a5 13. Qg4 Bc6 14. Qg3 Qb6 15. O-O-O Qb7 16. f3 g6 17. Bd3 h5 18. Rhg1 a4 19. Rde1 Bh6+ 20. f4 O-O-O 21. Qf2 Kb8 22. Kc2 Ka8 23. Qxc5 Bxf4 24. Qa5+ Qa7 25. Qxa7+ Kxa7 26. g3 Bg5 27. Rgf1 Rh7 28. Rf2 d6 29. h4 Be7 30. Ref1 Be8 31. b3 dxe5 32. Bxe5 Bc5 33. Rd2 f5 34. Kc3 Rb7 35. Kc2 Bc6 36. Rfd1 Rbd7 37. Bf6 Rf8 38. Bc3 Rfd8 39. Re1 Re8 40. b4 Bd6 41. Rg1 e5 42. c5 Bf8 43. Rgd1 Bh6 44. Rf2 Red8 45. b5 Bxb5 46. Be2 Rxd1 47. Bxd1 a3 48. Be2 Ba4+ 49. Kb1 e4 50. Rf1 Be3 51. Bc4 Bxc5 52. Bf7 Rd6 53. Be5 Rb6+ 54. Ka1 e3 55. Rc1 e2 56. Bc4 Bf2 57. Bxe2 Re6 58. Bc3 Rxe2 59. g4 hxg4 60. h5 gxh5 61. Be5 Rxe5 62. Rc2 Re1+ 0-1

[Variant "Standard"]
[Site "Europe Echecs"]

[Event "Championnat du monde jeunes U12"]
[Date "2024.11.26"]
[White "Ritzerveld, Noah"]
[Black "Nguyen, Khoi"]
[WhiteElo "2285"]
[BlackElo "1994"]
[Round "11.14"]
[Result "0-1"]
[TimeControl "5400+30"]

1. e4 e6 2. d4 d5 3. Nc3 Nf6 4. e5 Nfd7 5. f4 c5 6. Nf3 Nc6 7. Be3 cxd4 8. Nxd4 Qb6 9. Qd2 Qxb2 10. Rb1 Qa3 11. Bb5 Nxd4 12. Bxd4 a6 13. Bxd7+ Bxd7 14. Rb3 Qe7 15. Rxb7 Qd8 16. O-O Qc8 17. Rfb1 Bc5 18. Bxc5 Qxc5+ 19. Kh1 Bc8 20. R7b3 O-O 21. Ne2 Bd7 22. Nd4 Rfc8 23. h3 h6 24. Rg3 Kh8 25. Rb7 Rc7 26. Rxc7 Qxc7 27. Rc3 Qd8 28. Rb3 Rb8 29. Kh2 Qc7 30. Rxb8+ Qxb8 31. Qa5 Bb5 32. a4 Bc4 33. Nc6 Qc8 34. Qc5 Kh7 35. Qd6 Be2 36. c3 Bd1 37. a5 Ba4 38. Ne7 Qc4 39. Qb4 Qxb4 40. cxb4 d4 41. b5 Bxb5 42. Kg3 d3 43. Kf2 d2 0-1

[Variant "Standard"]
[Site "Europe Echecs"]

[Event "Championnat du monde jeunes U12"]
[Date "2024.11.26"]
[White "Gao, Heye"]
[Black "Saminskij, Jan"]
[WhiteElo "1933"]
[BlackElo "2202"]
[Round "11.15"]
[Result "1-0"]
[TimeControl "5400+30"]

1. e4 e6 2. d4 d5 3. Nc3 Nf6 4. e5 Nfd7 5. f4 c5 6. Nf3 Nc6 7. Be3 Be7 8. Qd2 a6 9. Bd3 b5 10. Qf2 b4 11. Na4 c4 12. Be2 O-O 13. b3 c3 14. Bd3 f5 15. h3 a5 16. g4 Ba6 17. Bxa6 Rxa6 18. Qe2 Ra7 19. h4 Nb6 20. Qb5 Qd7 21. Nxb6 Qb7 22. Ng5 Bxg5 23. hxg5 Ra6 24. Qe2 Rxb6 25. Kf2 g6 26. Rh6 fxg4 27. Rah1 Rf7 28. Qxg4 Ne7 29. Qh3 Rg7 30. Rxh7 Nf5 31. Rh8+ Kf7 32. Rd8 Qe7 33. Qh8 Rb7 34. Rh7 Qxd8 35. Rxg7+ Nxg7 36.
Qxd8 Ne8 37. f5 gxf5 1-0

[Variant "Standard"]
[Site "Europe Echecs"]

[Event "Championnat du monde jeunes U12"]
[Date "2024.11.26"]
[White "Diachek, Andrii"]
[Black "Zhandos, Akarys"]
[WhiteElo "2162"]
[BlackElo "1932"]
[Round "11.16"]
[Result "1-0"]
[TimeControl "5400+30"]

1. d4 Nf6 2. c4 e6 3. Nc3 Bb4 4. Qc2 O-O 5. a3 Bxc3+ 6. Qxc3 d5 7. Nf3 c5 8. dxc5 Ne4 9. Qc2 Nxc5 10. b4 Ne4 11. Bb2 a5 12. b5 a4 13. e3 Qa5+ 14. Nd2 Nd7 15. f3 Qxd2+ 16. Qxd2 Nxd2 17. Kxd2 Nc5 18. Kc3 b6 19. cxd5 exd5 20. Kb4 Bf5 21. Rd1 Rfd8 22. Be2 Rac8 23. Bd4 Bc2 24. Rc1 Bd3 25. Rce1 Bxe2 26. Rxe2 Nd3+ 27. Kxa4 Rc1 28. Rd2 Rxh1 29. Rxd3 Rxh2 30. Bxb6 Ra8+ 31.
Kb3 Rxg2 32. Rxd5 Kf8 33. Bc7 Rg1 34. b6 Rc1 35. Kb2 Rxc7 36. bxc7 Ke7 37. a4 Rc8 38. Kb3 Rxc7 39. Kb4 Rc1 40. a5 Ke6 41. e4 Rb1+ 42. Kc5 Rf1 43. a6 Rxf3 44. a7 Ra3 45. Kb6 Rxa7 46. Kxa7 g6 47. Kb6 f5 48. Kc5 1-0

[Variant "Standard"]
[Site "Europe Echecs"]

[Event "Championnat du monde jeunes U12"]
[Date "2024.11.26"]
[White "Fulgentini, Edoardo"]
[Black "Qu, Haoming"]
[WhiteElo "2075"]
[BlackElo "1969"]
[Round "11.17"]
[Result "0-1"]
[TimeControl "5400+30"]

1. e4 d5 2. exd5 Qxd5 3. Nc3 Qd6 4. d4 Nf6 5. Nf3 c6 6. Ne5 Nbd7 7. Nc4 Qc7 8. a4 Nb6 9. a5 Nxc4 10. Bxc4 Bg4 11. f3 Bf5 12. Qe2 e6 13. O-O h5 14. Bg5 Be7 15. Rfe1 Rd8 16. Qf2 Kf8 17. Kh1 h4 18. Nd1 Bd6 19. f4 Ne4 20. Rxe4 Bxe4 21. Bxd8 Qxd8 22. Nc3 Bf5 23. a6 b5 24.
Bd3 Qc7 25. Bxf5 exf5 26. Ne2 Rh6 27. c3 Re6 28. Re1 Qe7 29. Kg1 Re4 30. g3 hxg3 31. hxg3 Qe6 32. Kf1 Qc4 33. Qf3 g6 34. b4 Kg7 35.
Kf2 Qa2 36. Qd3 Bc7 37. Rg1 Bb6 38. Rg2 Qxa6 39. g4 Qa2 40. gxf5 Rxf4+ 41. Kg1 Qa1+ 42. Kh2 Rh4+
43. Kg3 Qe1+ 44. Kf3 Bc7 45. Ng3 Rf4# 0-1

[Variant "Standard"]
[Site "Europe Echecs"]

[Event "Championnat du monde jeunes U12"]
[Date "2024.11.26"]
[White "Karthi, Jashith"]
[Black "Berdashkevich, Makar"]
[WhiteElo "2073"]
[BlackElo "1848"]
[Round "11.18"]
[Result "1/2-1/2"]
[TimeControl "5400+30"]

1. d4 Nf6 2. c4 e6 3. Nc3 Bb4 4. f3 c5 5. d5 b5 6. e4 O-O 7. e5 Ne8 8. f4 exd5 9. cxd5 d6 10. Nf3 c4 11. Be3 Nc7 12. Be2 Bb7 13. O-O dxe5 14. d6 Qxd6 15. Qxd6 Bxd6 16. fxe5 Be7 17. Rad1 a6 18. Nd4 Bc5 19. Bf2 g6 20. Kh1 Bxd4 21. Bxd4 Nd7 22. a4 Ne6 23. axb5 axb5 24. Nxb5 Nxd4 25. Rxd4 Nxe5
1/2-1/2

[Variant "Standard"]
[Site "Europe Echecs"]

[Event "Championnat du monde jeunes U12"]
[Date "2024.11.26"]
[White "Baturin-Vinogradov, Miroslav"]
[Black "Huseynov, Ahmed"]
[WhiteElo "2048"]
[BlackElo "1886"]
[Round "11.19"]
[Result "0-1"]
[TimeControl "5400+30"]

1. d4 d5 2. c4 c6 3. Nf3 Nf6 4. e3 e6 5. Bd3 Nbd7 6. b3 Bd6 7. Bb2 Ne4 8. O-O f5 9. Nbd2 Qf6 10. Ne1 Qh6 11. Ndf3 Qf6 12. Be2 b6 13. Nd3 Bb7 14. Nfe5 Bxe5 15. Nxe5 Nxe5 16. dxe5 Qh6 17. cxd5 exd5 18. Rc1 O-O 19. Qc2 Rae8 20. b4 Re6 21. f4 Qh4 22. Bd3 Rh6 23. h3 Rg6 24. Rf3 c5 25. bxc5 d4 26. c6 Bxc6 27. Qb3+ Kh8 28. Qb4 Nc5 29. Bxf5 Bxf3 30. Bxg6 Qg3 31. Rc2 dxe3 32. Bd3 e2 0-1

[Variant "Standard"]
[Site "Europe Echecs"]

[Event "Championnat du monde jeunes U12"]
[Date "2024.11.26"]
[White "Bulgak, Damir"]
[Black "Wang, Zihao(SH)"]
[WhiteElo "2044"]
[BlackElo "1773"]
[Round "11.20"]
[Result "1-0"]
[TimeControl "5400+30"]

1. d4 Nf6 2. c4 e6 3. Nf3 b6 4. g3 Bb7 5. Bg2 Be7 6. O-O O-O 7. Nc3 Ne4 8. Bd2 Nxd2 9. Qxd2 d6 10. e4 Nd7 11. Qc2 Bf6 12. Rad1 g6 13. a3 a5 14. e5 Bg7 15. Nb5 Qb8 16. Rfe1 a4 17. Qc3 Rd8 18. h4 h6 19. Kh2 Bh8 20. Qe3 Bg7 21. d5 Nc5 22. Qf4 Ra5 23. Nbd4 exd5 24. e6 Rf8 25. e7 Re8 26. h5 dxc4 27. hxg6 fxg6 28. Qg4 Bd5 29. Qxg6 Bf7 30. Qg4 h5 31. Qh4 Nd3 32. Nc6 Qa8 33. Ng5 Nxe1 34. Rxe1 Bf6 35. Ne5 Rxe5 36. Rxe5 Qxg2+ 37. Kxg2 dxe5 38. f4 Rxe7 39.
Qh3 Bxg5 40. fxg5 Bg6 41. Qc8+ Kg7 42.
Kf2 Bf5 43. Qd8 Rf7 44. Ke3 Bd3 45. Qe8 e4 46. Qe5+ Kh7 47. Qe6 Rf3+ 48. Kd4 c5+ 49. Ke5 e3 50. Qh6+ Kg8 51. g6 Rf5+ 52. Ke6 1-0

[Variant "Standard"]
[Site "Europe Echecs"]

[Event "Championnat du monde jeunes U12"]
[Date "2024.11.26"]
[White "Sun, Kevin"]
[Black "Minga-Nagy, Abel Inti"]
[WhiteElo "1966"]
[BlackElo "2033"]
[Round "11.21"]
[Result "1/2-1/2"]
[TimeControl "5400+30"]

1. e4 c5 2. Nf3 e6 3. d4 cxd4 4. Nxd4 a6 5. Bd3 Bc5 6. Nb3 Ba7 7. Qe2 d6 8. Be3 Nc6 9. O-O Nf6 10. c4 O-O 11. Nc3 Re8 12. f4 Bxe3+ 13. Qxe3 d5 14. e5 dxc4 15. Bxc4 Ng4 16. Qc5 Qc7 17. Be2 b6 18. Qd6 Qxd6 19. exd6 Ne3 20. Rf3 Nd5 21. Rd1 Bb7 22. Bc4 Rad8 23. Nxd5 exd5 24. Bxd5 Kf8 25. Bxc6 Bxc6 26. Rc3 Ba8 27. Kf2 Re4 28. g3 Re6 29. Rcd3 Ke8 30. d7+ Kf8 31. f5 Rh6 32. h4 Rf6 33. g4 h5 34. Nd4 hxg4 35. Kg3 1/2-1/2

[Variant "Standard"]
[Site "Europe Echecs"]

[Event "Championnat du monde jeunes U12"]
[Date "2024.11.26"]
[White "Yerzhanuly Yernur"]
[Black "Elhusseiny, Eyad"]
[WhiteElo "1917"]
[BlackElo "2017"]
[Round "11.22"]
[Result "0-1"]
[TimeControl "5400+30"]

1. d4 d5 2. Bf4 Nf6 3. e3 c5 4. Nf3 Nc6 5. Nbd2 cxd4 6. exd4 a6 7. c3 Bf5 8. Be2 e6 9. Ne5 Nxe5 10. Bxe5 Be7 11. O-O O-O 12. Qb3 Qd7 13. Rfd1 Ne4 14. Nxe4 Bxe4 15. Bd3 Bxd3 16. Rxd3 Rac8 17. Re1 b5 18. Rg3 f6 19. Bf4 b4 20. Qd1 bxc3 21. bxc3 Rc6 22. Qg4 Rf7 23. Rge3 Bf8 24. Qe2 Re7 25. g4 Qc8 26. Qf3 Rf7 27. Qe2 Rxc3 28. Rxe6 Rc4 29. Qd1 Qb7 30. Re8 Qb2 31. Ra8 Rxd4 32. Qf3 Qb4 33. Ree8 Rxf4 34. Qxd5 Rxg4+ 35. Kf1 Qb5+ 0-1

[Variant "Standard"]
[Site "Europe Echecs"]

[Event "Championnat du monde jeunes U12"]
[Date "2024.11.26"]
[White "Kleschevnikov, Arseny"]
[Black "Sason, Noam"]
[WhiteElo "1893"]
[BlackElo "2017"]
[Round "11.23"]
[Result "0-1"]
[TimeControl "5400+30"]

1. d4 Nf6 2. c4 c5 3. d5 b5 4. cxb5 a6 5. bxa6 g6 6. Nc3 Bg7 7. e4 O-O 8. a7 Rxa7 9. Nf3 d6 10. Be2 e6 11. dxe6 Bxe6 12. O-O Nc6 13. Be3 Ng4 14. Bf4 Nge5 15. Nxe5 dxe5 16. Be3 Nd4 17. b3 Rd7 18. Qc1 Qa5 19. Re1 Nxe2+ 20. Nxe2 Rc8 21. Qc3 Qa8 22. Bxc5 Qxe4 23. b4 Qb7 24. Qe3 Rcd8 25. Nc1 f5 26. Nb3 f4 27. Qe2 e4 28. Na5 Qd5 29. Rad1 Qxd1 30. Qxe4 Qxe1+ 31. Qxe1 Rd1 32. Kf1 Bxa2 33. Qxd1 Rxd1+ 34. Ke2 Rd7 35. Kf3 Bc3 36. Ke4 Kf7 37. f3 Bb1+ 38. Kxf4 Bxb4 39. Nc6 Bxc5 40.
Ne5+ Ke6 41. Nxd7 Kxd7 42. Kg5 Ke6 43.
Kh6 Bf8+ 44. Kg5 h6+ 45. Kg4 Bf5+ 46.
Kh4 Be7+ 47. Kg3 Bd6+ 48. Kf2 Bxh2 49.
g3 Bh3 50. f4 Kf5 51. Kf3 Bg1 52. g4+ Bxg4+ 53. Kg3 h5 54. Kg2 Bd4 55. Kg3 h4+ 56. Kg2 Kxf4 57. Kh2 g5 58. Kg2 Bf3+ 59. Kh2 Bf6 60. Kh3 g4+ 61. Kh2 g3+ 62. Kh3 Be2 63. Kg2 h3+ 64. Kg1 Bd4+ 65. Kh1 Bf3# 0-1

[Variant "Standard"]
[Site "Europe Echecs"]

[Event "Championnat du monde jeunes U12"]
[Date "2024.11.26"]
[White "Yu, Zhe"]
[Black "Stepanyan, Davit"]
[WhiteElo "1697"]
[BlackElo "2011"]
[Round "11.24"]
[Result "0-1"]
[TimeControl "5400+30"]

1. e4 e6 2. d4 d5 3. Nc3 Bb4 4. e5 Ne7 5. Qg4 O-O 6. Bd3 f5 7. Qg3 c5 8. a3 Qa5 9. Bd2 cxd4 10. Nb1 Nbc6 11. Nf3 Bxd2+ 12. Nbxd2 Qb6 13. O-O-O Bd7 14. Nb3 a5 15. Be2 f4 16. Qh3 Nf5 17. g4 a4 18. gxf5 axb3 19. fxe6 bxc2 20. Rd3 Be8 21. Ng5 Bg6 22. Rb3 Nb4 23. Bd3 Nxd3+ 24. Rxd3 Bf5 25. Rb3 Qa5 26. Qg2 d3 27. Rb4 Rfc8 28. Nf7 Bg6 29. Nd6 Qxb4 30. axb4 Ra1+ 31. Kd2 c1=Q+ 32. Rxc1 Rcxc1 33. Qxg6 Rd1+ 34.
Kc3 hxg6 35. e7 Ra8 36. e8=Q+ Rxe8 37. Nxe8 Kf7 38. Nd6+ Ke6 39. Nxb7 Kxe5 40. Nc5 d4+ 41. Kc4 Rc1+ 42. Kxd3 Kd5 43. b3 Rh1 44. Ne4 Rxh2 45. f3 Rb2 46. Nd2 Ra2 47. Ne4 Ra8 48. Ng5 Rb8 49. Nh3 Ke5 50. Kc4 Rc8+ 51. Kb5 Rc2 52. Ng5 d3 53. Ne4 d2 54.
Nxd2 Rxd2 55. Ka6 Kd6 56. b5 Kc7 57. Ka5 Rd3 58. Kb4 Kb6 59. Ka4 Rxf3 60. b4
Ra3+ 61. Kxa3 f3 62.
Kb3 f2 63. Kc4 f1=Q+ 64. Kd5 g5 65.
Ke5 g4 66. Ke6 g3 67. Ke5 g2 68. Ke6 g1=Q 69. Ke7 Qe3+ 70. Kd7 Qfd3+ 0-1

[Variant "Standard"]
[Site "Europe Echecs"]

[Event "Championnat du monde jeunes U12"]
[Date "2024.11.26"]
[White "Obidjonov, Oriyat"]
[Black "Xia, Jinnan"]
[WhiteElo "2074"]
[BlackElo "1850"]
[Round "11.25"]
[Result "1-0"]
[TimeControl "5400+30"]

1. e4 c5 2. Nf3 d6 3. c3 Nf6 4. h3 g6 5. Bd3 Bg7 6. Bc2 O-O 7. d4 cxd4 8. cxd4 Nc6 9. O-O e5 10. d5 Nb4 11. Bb3 Na6 12. Re1 Bd7 13. Nc3 b5 14. a3 Nc5 15. Bc2 a5 16. Be3 Qc7 17. b4 axb4 18. axb4 Na6 19. Na2 Ne8 20. Qd2 f5 21. exf5 Bxf5 22. Bxf5 Rxf5 23. Rac1 Qb7 24.
Rc6 Nb8 25. Rb6 Qd7 26. Nc3 Nc7 27. Ne4 Bf8 28. Rc1 Nba6 29. Bg5 Qf7 30. Nxd6 Bxd6 31. Rxd6 e4 32. Nd4 Rxd5 33. Rxd5 Qxd5 34. Qe3 Ne6 35. Nxe6 Qxe6 36. Qd4 Re8 37. Bh6 Re7 38. Rc3 Nb8 39. Qc5 Qd7 40. Qb6 Qe8 41. Bf4 Nd7 42. Qxb5 Nf6 43. Qc4+ Qf7 44. Bg5 Re6 45. Qd4 Ne8 46. b5 Rd6 47. Qxe4 Rd1+ 48. Kh2 Nd6 49. Qa8+ Kg7 50. Rf3 Nf5 51. Bf4 Qc4 52. Qb7+ Kg8 53. Qb8+ Kf7 54. Qc7+ Qxc7 55. Bxc7 Ke6 56. Rb3 Nd4 57. Rb2 Kd7 58. b6 Nc6 59. Bg3 Na5 60. b7 Nxb7 61. Rxb7+ Ke6 62. Rxh7 g5 63. Rg7 Kf6 64. Rg8 Kf5 65. Bc7 Rc1 66. Bd8 g4 67. hxg4+ Ke6 68. Rf8 Ke5 69. g5 Rc6 70. Bf6+ Kf5 71. Be7+ Kg6 72. Rf6+ Rxf6 73. gxf6 Kf7 74. g4 Kg6 75. f4 Kf7 76. f5 Kg8 77. g5 Kf7 78. g6+ Ke8 79. Kg3 Kd7 80. g7 Kc6 81. g8=Q Kb5 82. Qd5+ Ka6 83. f7 Kb6 84. f8=Q Ka6 85. Qfa8+ 1-0

[Variant "Standard"]
[Site "Europe Echecs"]

[Event "Championnat du monde jeunes U12"]
[Date "2024.11.26"]
[White "Sahbudak, Baris Cinar"]
[Black "Chen, Jun-Wei"]
[WhiteElo "2264"]
[BlackElo "1907"]
[Round "11.26"]
[Result "1/2-1/2"]
[TimeControl "5400+30"]

1. e4 c5 2. Nc3 e6 3. f4 d5 4. exd5 exd5 5. Bb5+ Nc6 6. Nf3 Nf6 7. O-O Be7 8. Bxc6+ bxc6 9. Ne5 Qc7 10. d3 O-O 11. Qf3 Bd6 12. Bd2 Re8 13. Rae1 h5 14. b3 Bf5 15. h3 Re6 16. Na4 Rae8 17. Qf2 Nd7 18. Nxd7 Rxe1 19. Rxe1 Rxe1+ 20. Bxe1 Qxd7 21. Nxc5 Qe7 22. Bb4 a6 23. Kf1 a5 24. Ba3 Qf6 25. d4 Kh7 26. b4 Bxc5 27. bxc5 Qe6 28. Qd2 Qe4 29. c3 f6 30. Bc1 Qb1 31. Kf2 Kg6 32. a3 a4 33. Qd1 Qc2+ 34. Qxc2 Bxc2 35. g4 hxg4 36.
hxg4 f5 37. Kg3 fxg4 38. Kxg4 Bd1+ 39.
Kg3 Kf5 40. Kf2 Ke4 41. Ke1 Bb3 42. Ke2 g6 43. Bd2 Bc4+ 44. Kd1 Kd3 45. Be1 Bb3+ 46. Kc1 Ke3 47. Bd2+ Ke2 48. c4 Bxc4 49. Kc2 Ba2 50. Kc3 Bb1 51. Bc1 Bd3 52. Bd2 Bb5 53. Bc1 Bc4 54. Bd2 Bb3 55. Bc1 Ba2 56. Bd2 Bc4 1/2-1/2

[Variant "Standard"]
[Site "Europe Echecs"]

[Event "Championnat du monde jeunes U12"]
[Date "2024.11.26"]
[White "Vinales Gonzalez, Enzo Mathias"]
[Black "Filindash, Nikita"]
[WhiteElo "1903"]
[BlackElo "2076"]
[Round "11.27"]
[Result "1/2-1/2"]
[TimeControl "5400+30"]

1. e4 e5 2. Nf3 Nf6 3. Nxe5 d6 4. Nf3 Nxe4 5. d4 d5 6. Bd3 Bd6 7. O-O O-O 8. c4 c6 9. Nc3 Nxc3 10. bxc3 dxc4 11. Bxc4 Bf5 12. Bd3 Bxd3 13. Qxd3 Nd7 14. g3 h6 15. c4 Nf6 16. Qf5 Re8 17. Rb1 b6 18. Ne5 Qc8 19. Qxc8 Raxc8 20. Nd3 Re4 21. Be3 Ng4 22. Rfe1 Kf8 23. Re2 Be7 24. Rbe1 Re8 25. h3 Nxe3 26. Rxe3 Rxd4 27. Ne5 Rd6 28. f4 a5 29. a4 Kg8 30. Nf3 Re6 31. Rxe6 Bc5+ 32. Kf1 Rxe6 33. Rxe6 fxe6 34. Ke2 Bd6 35. Ke3 Kf7 36. Ke4 Ke7 37. Nd4 Kd7 38. g4 Be7 39. Nb3 Bf6 40. c5 Kc7 41. h4 Bxh4 42. Nd4 Bf6 43. Nxe6+ Kb7 44. g5 hxg5 45. fxg5 Bb2 46. cxb6 Kxb6 47. Kd3 g6 48. Kc4 Bc1 49. Nf8 Bxg5 50. Nxg6 Be3 51. Kd3 Bg1 52. Kc4 Kc7 53. Nf4 Kd6 54. Nd3 Be3 55. Nb2 Bd2 56. Kd4 Bb4 57. Nd3 Bd2 58. Kc4 Be3 59. Nb2 Bg5 60. Nd3 Be3 1/2-1/2

[Variant "Standard"]
[Site "Europe Echecs"]